 Dungeon Crawl Stone Soup version 0.27.1-34-g3ba077fa99 (webtiles) character file.

Game seed: 2234495105915558390

28154 squill the Fighter (level 13, -22/103 HPs)
             Began as a Hill Orc Conjurer on Jan 11, 2022.
             Was a High Priest of Hepliaklqana.
             Annihilated by Rupert (42 damage)
             ... on level 4 of the Lair of Beasts.
             The game lasted 00:47:00 (18089 turns).

squill the Fighter (Hill Orc Conjurer)             Turns: 18089, Time: 00:47:01

Health: -22/103    AC: 19    Str: 17    XL:     13   Next: 37%
Magic:  21/23      EV: 11    Int: 22    God:    Hepliaklqana [*****.]
Gold:   2182       SH:  5    Dex: 11    Spells: 19/26 levels left

rFire    + . .     SeeInvis .   i - +4 broad axe (flame)
rCold    . . .     Faith    .   (no shield)
rNeg     + . .     Spirit   .   K - +3 ring mail "Texadeati" {+Inv rF+ rN+}
rPois    .         Reflect  +   (no helmet)
rElec    .         Harm     +   A - +2 cloak
rCorr    .         Rampage  .   n - +1 pair of gloves
Will     .....                  J - +0 pair of boots {Stlth+}
Stlth    +++.......             b - amulet of the Death Scarab {Reflect Harm Dex+2 SH+5}
HPRegen  0.27/turn              f - +4 ring of protection
MPRegen  0.18/turn              O - +6 ring of strength

@: no status effects
A: reduced essence
a: Renounce Religion, Evoke Invisibility, Recall Ancestor, Ancestor Identity,
Transference, Idealise


You were on level 4 of the Lair of Beasts.
You worshipped Hepliaklqana.
Hepliaklqana was extremely pleased with you.
You visited 2 branches of the dungeon, and saw 15 of its levels.
You also visited: Bailey.

You collected 2933 gold pieces.
You spent 751 gold pieces at shops.

Inventory:

Hand Weapons
 i - a +4 broad axe of flaming (weapon)
 y - the +6 hunting sling "Keng" {vorpal, Int+4}
   (You took it off an orc on level 3 of the Dungeon)

   Any ammunition fired from it inflicts extra damage upon your enemies.
   Int:       It affects your intelligence (+4).
 B - a +1 hand axe of electrocution
 L - a +2 scimitar of flaming
Armour
 n - a +1 pair of gloves (worn)
 A - a +2 cloak (worn)
 J - a +0 pair of boots of stealth (worn)
 K - the +3 ring mail "Texadeati" (worn) {+Inv rF+ rN+}
   (You bought it in a shop on level 3 of the Dungeon)

   rF:        It protects you from fire.
   rN:        It protects you from negative energy.
   +Inv:      It lets you turn invisible.
Jewellery
 b - the amulet of the Death Scarab (around neck) {Reflect Harm Dex+2 SH+5}
   (You acquired it on level 8 of the Dungeon)

   [amulet of reflection]

   It reflects blocked missile attacks.
   Dex:       It affects your dexterity (+2).
   SH:        It affects your SH (+5).
   Harm:      It increases damage dealt and taken.
 f - a +4 ring of protection (left hand)
 h - a ring of fire
 s - a ring of ice
 H - a ring of ice
 I - a ring of positive energy
 O - a +6 ring of strength (right hand)
Wands
 g - a wand of mindburst (8)
 j - a wand of iceblast (7)
 r - a wand of polymorph (10)
 u - a wand of acid (4)
Scrolls
 c - a scroll of enchant armour
 m - 6 scrolls of teleportation
 o - 2 scrolls of amnesia
 t - 2 scrolls of immolation
 v - 5 scrolls of identify
 D - 2 scrolls of blinking
 E - a scroll of silence
 G - a scroll of summoning
Potions
 a - 4 potions of flight
 d - 6 potions of curing
 e - a potion of resistance
 k - 2 potions of haste
 l - 3 potions of heal wounds
 p - 3 potions of lignification
 q - 3 potions of magic
 w - a potion of berserk rage
 x - 2 potions of cancellation
 z - 2 potions of attraction
 C - 3 potions of brilliance
 F - 3 potions of mutation
 M - a potion of invisibility


   Skills:
 + Level 10.8 Fighting
 + Level 10.7 Axes
 - Level 4.2 Armour
 - Level 3.0 Dodging
 + Level 6.3 Stealth
 + Level 7.3 Spellcasting
 + Level 10.1 Conjurations
 + Level 4.5 Hexes
 - Level 6.1 Invocations
 + Level 8.3 Evocations


You had 19 spell levels left.
You knew the following spells:

 Your Spells              Type           Power      Damage    Failure   Level
a - Magic Dart            Conj           100%       1d8       1%          1
b - Searing Ray           Conj           100%       3d7       1%          2
c - Fulminant Prism       Conj/Hex       20%        3d13      7%          4

Your spell library contained the following spells:

 Spells                   Type           Power      Damage    Failure   Level
 Foxfire                  Conj/Fire      100%       2x1d9     1%          1
 Shock                    Conj/Air       100%       1d9       1%          1
 Dazzling Flash           Conj/Hex       80%        N/A       1%          3
 Conjure Flame            Conj/Fire      30%        6-21      5%          3
 Ensorcelled Hibernation  Hex/Ice        36%        N/A       9%          2
 Animate Skeleton         Necr           16%        N/A       14%         1
 Pain                     Necr           32%        1d5       14%         1
 Sandblast                Erth           16%        2d6       14%         1
 Inner Flame              Hex/Fire       18%        N/A       16%         3
 Iskenderun's Mystic Bla  Conj/Tloc      30%        2d8       17%         4
 Cause Fear               Hex            14%        N/A       22%         4
 Spider Form              Tmut/Pois      4%         N/A       38%         3
 Swiftness                Air            8%         N/A       38%         3
 Vampiric Draining        Necr           4%         2d6       38%         3
 Airstrike                Air            4%         N/A       80%         4
 Lee's Rapid Deconstruct  Erth           4%         3d6*      98%         5
 Shadow Creatures         Summ           N/A        N/A       100%        6
 Discord                  Hex            14%        N/A       100%        8
 Polar Vortex             Ice            4%         N/A       100%        9


Dungeon Overview and Level Annotations

Branches:
Dungeon (11/15)            Temple (0/1) D:5            Lair (4/6) D:11
  Swamp (0/4) Lair:3       Spider (0/4) Lair:3       Bailey (visited)
    Orc: D:9-12

Altars:
Ashenzari
Cheibriados
Dithmenos
Hepliaklqana
Kikubaaqudgha
Nemelex Xobeh
Qazlal
Sif Muna
Trog
Uskayaw
Vehumet
Xom
Yredelemnul
The Shining One
Beogh

Shops:
D:1 (   D:3 [   D:6 *

Annotations:
D:4 2 transporters
Lair:4 exclusion: 4 oklob plants, Rupert


Message History

Chakide avoids your attack.
The searing ray hits Rupert!
Rupert is lightly wounded.
The black mamba barely misses Rupert.
The black mamba bites itself.
Chakide barely misses the black mamba.
The searing ray hits Rupert!
Rupert is lightly wounded.
You finish channeling your searing ray.
Chakide points at the black mamba and mumbles some strange words.
The black mamba appears confused.
The black mamba misses Chakide.
Aiming: Iceblast
Press: ? - help, Shift-Dir - straight line, f - black mamba
Aim: a black mamba (almost dead, confused, lightly drained, ally target)
Okay, then.
The black mamba barely misses Chakide.
Chakide hits the black mamba with a +0 dagger of draining.
The black mamba dies!
Rupert yells loudly at you.
You are confused.
Rupert yells loudly at you.
You are more confused.
You see here 18 stones.
Chakide hits Rupert with a +0 dagger of draining.
Rupert roars madly and goes into a rage!
Rupert goes berserk!
Chakide hits Rupert with a +0 dagger of draining.
Chakide drains Rupert.
You're too confused to move!
Rupert rages.
You're too confused to move!
Rupert hits you with a +2 executioner's axe of freezing!!
Rupert freezes you.
You're too confused to move!
Rupert hits you with a +2 executioner's axe of freezing!!
* * * LOW HITPOINT WARNING * * *
Rupert freezes you.
* * * LOW HITPOINT WARNING * * *
You feel better.
Rupert hits you with a +2 executioner's axe of freezing!!
You die...

#####..........#...
#..........#....
##..............
##.############.
#####...# ##
#.P...### # #.....#
#...### #..@##
##.@.# * #.R.# *
#...# * #...### *
#.....# **
#.....### *,
##......## *,
##.##†..# *,


You could see the friendly Chakide the hexer and Rupert (berserk, drained, ally
target).

Vanquished Creatures
  4 hydras
  Erica (D:9)
  Nergalle (Lair:4)
  2 centaur zombies (D:7)
  7 cane toads
  2 elephants (Lair:2)
  3 centaur skeletons
  2 rime drakes (Lair:3)
  5 komodo dragons
  A harpy zombie (D:7)
  2 trolls
  2 hellwings
  A hornet (D:9)
  6 blink frogs
  A meliai zombie (D:7)
  2 wyverns (Lair:3)
  2 wraiths
  A shadow (D:10)
  14 yaks
  A steam dragon (D:10)
  2 basilisks
  5 vampire mosquitoes (Lair:3)
  Edmund (D:6)
  13 water moccasins
  6 orc warriors
  3 black bears
  A necrophage (D:3)
  A hornet zombie (D:7)
  An ice beast (D:7)
  11 wolves
  2 ogres
  3 centaurs
  3 phantoms
  9 bullfrogs
  3 kobold brigands
  3 gnoll sergeants
  15 killer bees
  12 wights
  4 howler monkeys (D:9)
  A jelly (D:6)
  6 orc priests
  5 hounds
  An iguana (D:6)
  Ijyb (D:3)
  10 orc wizards
  18 gnolls
  7 adders
  A hexer (D:7)
  A shadow imp (D:7)
  A white imp (D:8)
  An ufetubus (D:5)
  An adder skeleton (D:5)
  2 worms (D:2)
  A dart slug (D:4)
  38 orcs
  11 ball pythons
  5 endoplasms
  5 giant cockroaches
  9 hobgoblins
  A jackal (D:8)
  A quokka (D:4)
  8 bats
  2 frilled lizards
  10 goblins
  27 kobolds
  6 rats
338 creatures vanquished.

Vanquished Creatures (collateral kills)
  A cyclops (D:10)
  2 centaur zombies
  An elephant (Lair:2)
  A black mamba (Lair:4)
  3 cane toads
  A komodo dragon (Lair:3)
  3 blink frogs
  A steam dragon (D:8)
  A basilisk (Lair:3)
  5 water moccasins
  An ice beast (D:7)
  2 orc warriors (D:8)
  A sky beast (D:5)
  2 ogres
  The ghost of safid the Shield-Bearer, an amateur HOFi (D:3)
  A black bear (D:7)
  4 wolves
  A bullfrog (Lair:4)
  A hound (D:7)
  An iguana (D:5)
  3 gnolls
  2 shadow imps
  A white imp (D:7)
  The ghost of comborobin the Sneak, a weakling DjDe (D:5)
  5 orcs
  2 endoplasms (D:4)
  2 giant cockroaches (D:4)
  A hobgoblin (Bailey)
  A butterfly (Lair:4)
52 creatures vanquished.

Vanquished Creatures (others)
  5 hexers
  A kobold (D:8)
  6 fungi
  13 plants
  6 withered plants (D:7)
31 creatures vanquished.

Grand Total: 421 creatures vanquished

Notes
Turn   | Place    | Note
-------+----------+-------------------------------------------
     0 | D:1      | squill the Hill Orc Conjurer began the quest for the Orb.
     0 | D:1      | Reached XP level 1. HP: 14/14 MP: 3/3
   214 | D:1      | Reached XP level 2. HP: 21/22 MP: 0/4
   219 | D:1      | Learned a level 2 spell: Searing Ray
   442 | D:1      | Reached skill level 1 in Fighting
   565 | D:1      | Found Anois's Antique Weapon Boutique.
   571 | D:1      | Reached skill level 1 in Armour
  1013 | D:2      | Reached XP level 3. HP: 22/28 MP: 0/5
  1321 | D:3      | Found a hazy altar of Hepliaklqana.
  1328 | D:3      | Became a worshipper of Hepliaklqana the Forgotten
  1372 | D:3      | Noticed Ijyb
  1530 | D:1      | Reached XP level 4. HP: 6/36 MP: 2/7
  2472 | D:2      | Reached XP level 5. HP: 42/42 MP: 1/8
  3042 | D:3      | Reached * piety under Hepliaklqana
  3060 | D:3      | Noticed a necrophage
  3069 | D:3      | Killed a necrophage
  3165 | D:3      | Found Jackirph's Antique Armour Shoppe.
  3183 | D:3      | Found a runed translucent gate.
  3184 | D:3      | Found a runed translucent gate.
  3185 | D:3      | Found a runed translucent gate.
  3185 | D:3      | Noticed safid's ghost (amateur HOFi)
  3185 | D:3      | Identified the +6 hunting sling "Keng" {vorpal, Int+4}
  3191 | D:3      | Found a roughly hewn altar of Beogh.
  3316 | D:3      | Killed Ijyb
  3317 | D:3      | Reached XP level 6. HP: 27/45 MP: 0/10
  3557 | D:3      | Found a shadowy altar of Dithmenos.
  3557 | D:3      | Found a shimmering altar of Xom.
  3591 | D:3      | Reached skill level 5 in Conjurations
  4215 | D:4      | Found a glowing golden altar of the Shining One.
  4624 | D:4      | Reached XP level 7. HP: 36/53 MP: 7/11
  4723 | D:4      | Found a transporter.
  4913 | D:4      | Reached ** piety under Hepliaklqana
  4914 | D:4      | Remembered your ancestor Chakide as a hexer
  4973 | D:4      | Found a transporter.
  5032 | D:4      | Found a hide-covered altar of Uskayaw.
  5176 | D:3      | Killed safid's ghost
  5293 | D:5      | Entered Level 5 of the Dungeon
  5348 | D:5      | Found a staircase to the Ecumenical Temple.
  5366 | D:5      | Reached skill level 1 in Invocations
  5433 | D:5      | Reached skill level 1 in Evocations
  5468 | D:5      | Found a stormy altar of Qazlal.
  5471 | D:5      | Noticed a fire elemental
  5472 | D:5      | Noticed an air elemental
  5472 | D:5      | Noticed a water elemental
  5523 | D:5      | Found a large runed translucent door.
  5639 | D:5      | Reached skill level 1 in Axes
  5639 | D:5      | Reached XP level 8. HP: 60/60 MP: 13/13
  5641 | D:5      | Reached skill level 5 in Fighting
  5742 | D:5      | Found a large runed translucent door.
  5754 | D:5      | Noticed comborobin's ghost (weakling DjDe)
  5943 | D:5      | Killed comborobin's ghost
  6073 | D:6      | You fall into a shaft and drop 2 floors!
  6075 | D:8      | Identified a scroll of acquirement
  6075 | D:8      | Acquired the amulet of the Death Scarab {Reflect Harm Dex+2
                  | SH+5}
  6113 | D:8      | Found an ancient bone altar of Kikubaaqudgha.
  6310 | D:8      | Found a flagged portal.
  6327 | Bailey   | Entered a bailey
  7025 | Bailey   | Got the Handbook of the Glacier and the Mountains
  7171 | Bailey   | Found an iron altar of Okawaru.
  7246 | D:7      | Noticed a hellwing
  7246 | D:7      | Noticed a hellwing
  7306 | D:8      | Killed a hellwing
  7307 | D:8      | Reached XP level 9. HP: 19/67 MP: 0/15
  7679 | D:7      | Killed a hellwing
  7716 | D:7      | Reached skill level 5 in Axes
  7716 | D:7      | Reached skill level 5 in Invocations
  7847 | D:7      | Acquired 792 gold pieces
  7874 | D:7      | Identified the +4 ring mail "Yradeg" {Contam rElec rF+}
  8012 | D:7      | Reached XP level 10. HP: 77/77 MP: 10/17
  8094 | D:7      | Reached skill level 5 in Spellcasting
  8162 | D:7      | Found a basalt altar of Yredelemnul.
  8179 | D:6      | Found Alishrago's General Store.
  8200 | D:6      | Bought a potion of mutation for 112 gold pieces
  8200 | D:6      | Bought a scroll of identify for 28 gold pieces
  8200 | D:6      | Bought a scroll of summoning for 133 gold pieces
  8355 | D:6      | Reached *** piety under Hepliaklqana
  8517 | D:6      | Reached skill level 5 in Evocations
  8613 | D:3      | Bought a pair of embroidered boots for 217 gold pieces
  8613 | D:3      | Bought a crude ring mail for 261 gold pieces
  8613 | D:3      | Identified the +3 ring mail "Texadeati" {+Inv rF+ rN+} (You
                  | bought it in a shop on level 3 of the Dungeon)
  8962 | D:6      | Noticed Edmund
  8972 | D:6      | Killed Edmund
  9533 | D:7      | Found a shimmering blue altar of Sif Muna.
  9946 | D:7      | Found a radiant altar of Vehumet.
  9960 | D:7      | Found a snail-covered altar of Cheibriados.
 10443 | D:8      | Reached XP level 11. HP: 84/84 MP: 19/19
 10497 | D:8      | Found a runed translucent door.
 10556 | D:8      | Found a roughly hewn altar of Beogh.
 11236 | D:9      | Acquired 627 gold pieces
 11602 | D:9      | Found a sparkling altar of Nemelex Xobeh.
 11658 | D:9      | Noticed Erica
 11674 | D:9      | Killed Erica
 12161 | D:10     | Entered Level 10 of the Dungeon
 12161 | D:10     | Reached **** piety under Hepliaklqana
 12681 | D:10     | Found a bloodstained altar of Trog.
 12708 | D:10     | Noticed a cyclops
 12714 | D:10     | Killed a cyclops
 13274 | D:11     | Found a staircase to the Lair.
 13387 | Lair:1   | Entered Level 1 of the Lair of Beasts
 13827 | Lair:1   | Learned a level 4 spell: Fulminant Prism
 13877 | Lair:1   | Reached XP level 12. HP: 94/94 MP: 17/21
 14343 | Lair:1   | Reached skill level 1 in Hexes
 14870 | Lair:2   | Reached skill level 5 in Stealth
 15266 | Lair:2   | Reached skill level 10 in Fighting
 15403 | Lair:2   | Noticed a five-headed hydra
 15409 | Lair:2   | Killed a five-headed hydra
 15411 | Lair:2   | Noticed a four-headed hydra
 15419 | Lair:2   | Killed a three-headed hydra
 15547 | Lair:2   | Noticed a six-headed hydra
 15556 | Lair:2   | Killed a five-headed hydra
 16050 | Lair:3   | Reached skill level 10 in Axes
 16245 | Lair:3   | Found a hole to the Spider Nest.
 16582 | Lair:3   | Reached XP level 13. HP: 81/102 MP: 23/23
 16889 | Lair:3   | Reached ***** piety under Hepliaklqana
 17090 | Lair:3   | Found a staircase to the Swamp.
 17258 | Lair:4   | Reached skill level 10 in Conjurations
 17865 | Lair:4   | Found a broken altar of Ashenzari.
 17867 | Lair:4   | Noticed Nergalle
 17884 | Lair:4   | Killed Nergalle
 18063 | Lair:4   | Noticed Rupert
 18089 | Lair:4   | Annihilated by Rupert

Illustrated notes

Levels and vault maps discovered:
D:1:      matt_arrival_refuge, layout_basic, serial_shops, shop
D:2:      layout_rooms, kennysheep_nub
D:3:      layout_basic, mainiacjoe_overflow_small_starburst,
          gammafunk_temple_overflow_wave, biasface_ghost_orc_armoury,
          serial_shops, shop, minivault_25, uniq_ijyb
D:4:      gammafunk_cloud_chamber, layout_gridville, lemuel_round_altar,
          old_standard_altar
D:5:      layout_rooms, nicolae_qazlal_style_of_elements,
          minmay_temple_entry_water_ring, ebering_ghost_disaster_area
D:6:      layout_loops_ring, serial_shops, shop, chequers_serial_rivers_micro_c,
          chequers_arboretum, uniq_edmund
D:7:      cheibrodos_grave_circle, layout_loops_cross,
          kennysheep_orc_sif_temple, mainiacjoe_overflow_paths,
          mainiacjoe_overflow_big_doors
D:8:      layout_cave_pods, mainiacjoe_overflow_alcove_4, serial_gnoll_camp,
          gnoll_camp_mini_doghouse, gnoll_camp_mini_loothouse,
          gnoll_camp_mini_sergeant, gnoll_camp_mini_hut, enter_bailey_5,
          lightli_church_of_beogh
D:9:      layout_roguey, mainiacjoe_overflow_concentric_impassable,
          kennysheep_path_1, hangedman_abyss_or_decor_lesser_grid, uniq_erica
D:10:     minmay_spotlight, layout_basic, general_overflow_altar
D:11:     layout_stronghold, lair_entry_dummy, nemelex_lonely_heart_becter
Lair:1:   layout_regular_city, chequers_serial_rivers_room_b,
          grunt_megastairs_2, serial_bayou_shore_a
Lair:2:   layout_cave_shapes, lemuel_fruit_tree
Lair:3:   layout_chaotic_city, minmay_swamp_entry_swarm, spider_nest_entry_a
Lair:4:   layout_cave_pods, basic_altar, lemuel_fruit_fields,
          minmay_lair_oklob_chamber, uniq_rupert, uniq_nergalle

Skill      XL: |  1  2  3  4  5  6  7  8  9 10 11 12 13 |
---------------+----------------------------------------+-----
Fighting       | 1 2 3 4 5 7 8 9 10 | 10.8
Armour         | 1 2 3 4 |  4.2
Spellcasting   | 2 3 4 5 6 7 |  7.3
Conjurations   | 5 6 7 8 9 10 | 10.1
Invocations    | 1 3 5 6 |  6.1
Evocations     | 1 2 4 5 6 7 8 |  8.3
Axes           | 1 3 5 7 9 10 | 10.7
Dodging        | 2 3 |  3.0
Stealth        | 2 4 5 6 |  6.3
Hexes          | 3 4 |  4.5

Action                   |  1- 3 |  4- 6 |  7- 9 | 10-12 | 13-15 || total
-------------------------+-------+-------+-------+-------+-------++-------
Melee: Unarmed           |    17 |       |       |       |       ||    17
       Dagger            |     6 |    52 |    38 |       |       ||    96
       Short sword       |       |    20 |       |       |       ||    20
       Hand axe          |       |       |    67 |   224 |       ||   291
       Broad axe         |       |       |       |   178 |    65 ||   243
 Cast: Magic Dart        |    61 |    40 |    38 |    54 |     4 ||   197
       Searing Ray       |     4 |    12 |    21 |    34 |     8 ||    79
Invok: Ancestor Life: He |       |       |     1 |       |       ||     1
       Recall Ancestor   |       |       |     1 |       |       ||     1
Evoke: Wand              |       |       |     3 |     3 |       ||     6
  Use: Scroll            |       |     1 |     8 |    21 |     1 ||    31
       Potion            |       |       |     1 |       |     2 ||     3
 Stab: Sleeping          |       |     1 |       |     8 |     2 ||    11
       Confused          |       |       |     1 |     5 |       ||     6
       Distracted        |       |       |       |     9 |       ||     9
Armor: Robe              |     9 |    15 |       |       |       ||    24
       Ring mail         |       |    30 |   122 |   252 |    35 ||   439
Dodge: Dodged            |    17 |    37 |   104 |   250 |    53 ||   461
Block: Other             |       |       |    24 |   113 |    16 ||   153
       Reflection        |       |       |     2 |     2 |       ||     4
